 Dungeon Crawl Stone Soup version 0.30.1-9-gdf580d7c3d (webtiles) character file.

Game seed: 12078378226687677681

41 bearlyready the Chopper (level 3, -2/45 HPs)
             Began as a Hill Orc Reaver on Oct 11, 2023.
             Slain by a worm (7 damage)
             ... on level 2 of the Dungeon.
             The game lasted 00:01:19 (1379 turns).

bearlyready the Chopper (Hill Orc Reaver)           Turns: 1379, Time: 00:01:19

Health: -2/45      AC:  4    Str: 16    XL:     3   Next: 52%
Magic:  5/5        EV: 11    Int: 13    God:
Gold:   75         SH:  0    Dex:  9    Spells: 4/5 levels left

rFire   . . .        a - +0 hand axe
rCold   . . .        (no shield)
rNeg    + . .        b - +0 leather armour
rPois   +            (no helmet)
rElec   .            (no cloak)
rCorr   .            i - +0 pair of gloves
SInv    .            (no boots)
Will    .....        (no amulet) Stlth
                     g - ring of poison resistance
HPRegen 0.27/turn    h - ring of positive energy
MPRegen 0.09/turn

%: no passive effects
@: berserking (expiring), very quick
A: no striking features
a: no special abilities


You were on level 2 of the Dungeon.
You visited 1 branch of the dungeon, and saw 2 of its levels.

You collected 75 gold pieces.

Inventory:

Hand Weapons
 a - a +0 hand axe (weapon)
Armour
 b - a +0 leather armour (worn)
 i - a +0 pair of gloves (worn)
Jewellery
 g - a ring of poison resistance (left hand)
 h - a ring of positive energy (right hand)
Scrolls
 c - a scroll of brand weapon {unknown}
 d - 2 scrolls of teleportation {unknown}
 f - a scroll of identify {unknown}
 k - a scroll of poison {unknown}
Potions
 e - a potion of flight {unknown}


   Skills:
 - Level 2.4 Fighting
 + Level 5.9 Axes
 - Level 1.5 Dodging
 - Level 1.5 Spellcasting
 - Level 3.0 Conjurations


You had 4 spell levels left.
You knew the following spells:

 Your Spells              Type           Power      Damage    Failure   Level
a - Kiss of Death         Conj/Necr      16%        2d6       19%         1

Your spell library contained the following spells:

 Spells                   Type           Power      Damage    Failure   Level
 Momentum Strike          Conj/Tloc      8%         3d8       26%         2
 Hailstorm                Conj/Ice       4%         3d4       47%         3
 Summon Lightning Spire   Summ/Air       1%         N/A       97%         4
 Storm Form               Tmut/Air       0%         N/A       100%        7
 Maxwell's Capacitive Co  Air            0%         ∞         100%        8


Dungeon Overview and Level Annotations

Branches:
Dungeon (2/15)

Altars:
Yredelemnul

Annotations:
D:2 Sigmund


Message History

The jackal attacks as you move away! The jackal bites you.
The jackal bites you but does no damage.
The jackal barely misses you.
The jackal stops to sniff the ground.
The jackal closely misses you. The jackal bites you. The jackal bites you.
* * * LOW HITPOINT WARNING * * *
The jackal barely misses you.
There is an escape hatch in the floor here.
The jackal attacks as you move away!
The jackal bites you but does no damage. x2
The jackal attacks as you move away! The jackal closely misses you.
It was a potion of berserk rage.
A red film seems to cover your vision as you go berserk!
You feel yourself moving faster!
You feel mighty!
The jackal bites you but does no damage.
You slash the jackal!
You kill the jackal!
You closely miss the jackal. The jackal closely misses you.
You slash the jackal!
You kill the jackal!
You slash the jackal!
You kill the jackal!
You slash the jackal!
You kill the jackal!
You slash the ball python!
You kill the ball python!
You hear some strange, mumbled words.
A puff of flame appears from out of thin air!
The puff of flame hits you.
* * * LOW HITPOINT WARNING * * *
Things that are here:
a ball python corpse; a jackal corpse; a jackal corpse You feel a strong urge to attack something.
Something hits you!
* * * LOW HITPOINT WARNING * * *
You hit the worm.
The worm is lightly wounded.
You hit something. The worm bites you!
You die...

######## ####..=...####
.............##
#.####.._.....>###########
.........w.##.w@†........#######
#.####.....##..{########........
#!.#####...# ########. #..#
#...# ##########. #..# #.###
#.......... #..# #.# #.#########
...( ..# #.# ..... ... #.# ....#
#.#


You could see a worm.

Vanquished Creatures
  A dart slug (D:2)
  5 ball pythons
  4 endoplasms
  2 giant cockroaches
  A goblin (D:1)
  A hobgoblin (D:2)
  7 jackals (D:2)
  A quokka (D:1)
  2 bats (D:1)
  A frilled lizard (D:2)
  4 kobolds
  5 rats
34 creatures vanquished.

Notes
Turn   | Place    | Note
-------+----------+-------------------------------------------
     0 | D:1      | bearlyready the Hill Orc Reaver began the quest for the
                  | Orb.
     0 | D:1      | Reached XP level 1. HP: 18/18 MP: 3/3
   365 | D:1      | Reached XP level 2. HP: 25/25 MP: 4/4
   425 | D:1      | Reached skill level 5 in Axes
   939 | D:2      | Reached XP level 3. HP: 26/30 MP: 5/5
  1349 | D:2      | Found a basalt altar of Yredelemnul.
  1357 | D:2      | Noticed Sigmund
  1379 | D:2      | Slain by a worm

Illustrated notes

Levels and vault maps discovered:
D:1:      heliophobic_arrival_glass_houses, layout_basic, minmay_statues_item
D:2:      layout_loops_ring, basic_altar, uniq_sigmund

Skill      XL: |  1  2 |
---------------+-------+-----
Axes           | 5 |  5.9
Fighting       | |  2.4
Dodging        | |  1.5
Spellcasting   | |  1.5
Conjurations   | |  3.0

Action                     || total
---------------------------++-------
  Melee: Hand axe          ||   121
         Punch             ||     2
    Use: Potion            ||     1
 Armour: Leather armour    ||    42
  Dodge: Dodged            ||    62
